 Dungeon Crawl Stone Soup version 0.23.2-1-ga50397a (webtiles) character file.

Game seed: 2919239534390901509

11490 troglodite the Poker (level 11, 0/72 HPs)
             Began as a Demonspawn Gladiator on May 20, 2019.
             Was an Elder of Hepliaklqana.
             Shot with an arrow by Nessos (19 damage)
             ... on level 2 of the Orcish Mines.
             The game lasted 00:39:30 (13473 turns).

troglodite the Poker (Demonspawn Gladiator)        Turns: 13473, Time: 00:39:33

Health: 0/72       AC: 22    Str: 15    XL:     11   Next: 50%
Magic:  26/26      EV: 15    Int:  9    God:    Hepliaklqana [****..]
Gold:   711        SH:  0    Dex: 26    Spells: 8/18 levels left

rFire    x . .     SeeInvis +   D - +9 trident of the Pyrrhic Victory {elec, rF- Dex+5}
rCold    . . .     Gourm    .   (no shield)
rNeg     . . .     Faith    +   S - +3 ring mail "Bowna" {Slay+3}
rPois    .         Spirit   .   J - +2 helmet {SInv}
rElec    .         Reflect  .   s - +2 cloak
rCorr    .         Harm     .   m - +2 pair of gloves
MR       .....                  (no boots)
Stlth    ++........             t - amulet of faith
HPRegen  0.22/turn              i - +3 ring of dexterity
MPRegen  0.20/turn              E - ring of magical power

@: lethally poisoned (0 -> -7)
A: reduced essence, hooves 2, yellow scales 2, demonic guardian 1
a: Recall Ancestor, Ancestor Identity, Transference, Idealise, Renounce Religion


You were on level 2 of the Orcish Mines.
You worshipped Hepliaklqana.
Hepliaklqana was greatly pleased with you.
You were not hungry.

You visited 3 branches of the dungeon, and saw 14 of its levels.
You also visited: Sewer.

You collected 891 gold pieces.
You spent 180 gold pieces at shops.

Inventory:

Hand Weapons
 a - a +0 long sword
 p - a +1 falchion of electrocution
 D - the +9 trident of the Pyrrhic Victory (weapon) {elec, rF- Dex+5}
   (You found it on level 7 of the Dungeon)

   Occasionally, upon striking a foe, it will discharge some electrical energy
   and cause terrible harm.
   It affects your dexterity (+5).
   It makes you vulnerable to fire.
Missiles
 d - 5 throwing nets (quivered)
 w - 161 arrows
Armour
 m - a +2 pair of gloves (worn)
 s - a +2 cloak (worn)
 J - a +2 helmet of see invisible (worn)
 K - a +0 troll leather armour
 S - the +3 ring mail "Bowna" (worn) {Slay+3}
   (You found it on level 10 of the Dungeon)

   It affects your accuracy and damage with ranged weapons and melee attacks
   (+3).
Jewellery
 i - a +3 ring of dexterity (left hand)
 t - an amulet of faith (around neck)
 E - a ring of magical power (right hand)
 F - an uncursed ring of protection from cold
Wands
 A - a wand of random effects (18)
 C - a wand of enslavement (15)
 L - a wand of disintegration (6)
 Q - a wand of iceblast (5)
Scrolls
 h - 5 scrolls of enchant weapon
 j - 2 scrolls of blinking
 k - 9 scrolls of teleportation
 n - 2 scrolls of fog
 o - 2 scrolls of amnesia
 r - 6 scrolls of remove curse
 y - a scroll of random uselessness {unknown}
 B - 2 scrolls of fear
 G - a scroll of enchant armour
 H - a scroll of vulnerability {unknown}
 M - a scroll of brand weapon {unknown}
 N - a scroll of magic mapping
 R - a scroll of summoning {unknown}
Potions
 b - 3 potions of mutation
 e - 2 potions of magic
 g - 5 potions of lignification
 l - 10 potions of curing
 u - a potion of resistance
 v - 7 potions of heal wounds
 x - 4 potions of agility
 z - 2 potions of brilliance
Comestibles
 f - 13 rations


   Skills:
 * Level 6.0 Fighting
 - Level 6.6 Long Blades
 * Level 7.0 Polearms
 + Level 1.8 Throwing
 * Level 5.8 Armour
 * Level 5.5 Dodging
 + Level 2.1 Stealth
 * Level 4.4 Spellcasting
 * Level 5.3 Conjurations
 * Level 1.2 Hexes
 * Level 1.2 Summonings
 * Level 4.9 Necromancy
 * Level 4.1 Transmutations
 * Level 3.9 Fire Magic
 * Level 0.1 Invocations


You had 8 spell levels left.
You knew the following spells:

 Your Spells              Type           Power        Failure   Level  Hunger
a - Magic Dart            Conj           ##..         5%          1    #......
b - Sticks to Snakes      Tmut           #.......     13%         2    ###....
c - Animate Skeleton      Necr           N/A          6%          1    #......
d - Conjure Flame         Conj/Fire      ##......     22%         3    ###....
e - Summon Guardian Gole  Hex/Summ       #.......     63%         3    ###....

Your spell library contained the following spells:

 Spells                   Type           Power        Failure   Level  Hunger
 Beastly Appendage        Tmut           #.....       9%          1    #......
 Confusing Touch          Hex            #.....       28%         1    #......
 Summon Small Mammal      Summ           #...         28%         1    #......
 Passwall                 Tmut/Erth      #.......     30%         2    ###....
 Slow                     Hex            #.......     38%         2    ###....
 Call Imp                 Summ           #.......     41%         2    ###....
 Apportation              Tloc           #.....       43%         1    #......
 Sandblast                Erth           #.....       43%         1    #......
 Ignite Poison            Fire/Tmut/Pois #.......     43%         3    ###....
 Stone Arrow              Conj/Erth      #.....       43%         3    ###....
 Spider Form              Tmut/Pois      #.........   52%         3    ###....
 Blink                    Tloc           N/A          56%         2    ###....
 Mephitic Cloud           Conj/Pois/Air  #.......     56%         3    ###....
 Call Canine Familiar     Summ           #.......     65%         3    ###....
 Ice Form                 Ice/Tmut       #.......     89%         4    #####..
 Petrify                  Tmut/Erth      #.......     89%         4    #####..
 Fireball                 Conj/Fire      ##........   89%         5    ######.
 Blade Hands              Tmut           #.........   93%         5    ######.
 Summon Ice Beast         Ice/Summ       #.......     98%         4    #####..
 Summon Lightning Spire   Summ/Air       #.......     98%         4    #####..
 Lee's Rapid Deconstruct  Erth           #.........   100%        5    ######.
 Bolt of Fire             Conj/Fire      ##........   100%        6    #######
 Ring of Flames           Chrm/Fire      #.........   100%        7    #######
 Ignition                 Fire           #.........   100%        8    #######


Dungeon Overview and Level Annotations

Branches:
Dungeon (11/15)            Temple (1/1) D:6            Lair (0/6) D:8
    Orc (2/2) D:11
    Elf: Orc:2

Altars:
Ashenzari
Cheibriados
Dithmenos
Elyvilon
Fedhas
Gozag
Hepliaklqana
Kikubaaqudgha
Makhleb
Nemelex Xobeh
Okawaru
Qazlal
Ru
Sif Muna
Trog
Uskayaw
Vehumet
Wu Jian
Xom
Yredelemnul
Zin
The Shining One

Shops:
D:4 ?   D:8 ?

Portals:
Trove: D:11 (give 2 scrolls of acquirement)

Annotations:
D:10 3 runed translucent doors, Jaiteiro's ghost, novice HaFi
Orc:1 1 runed translucent door, teukkam's ghost, journeyman MiFi
Orc:2 Nessos


Innate Abilities, Weirdness & Mutations

You have hoof-like feet.
You are mostly covered in yellow scales. (AC +3)
A weak demonic guardian rushes to your aid.
Your life essence is reduced to manifest your ancestor. (-10% HP)


Message History

Found 21 gold pieces.
You see here an arrow.
Nessos shoots an arrow.
The arrow hits you!! The arrow burns you.
You see here an arrow.
Your ufetubus hits Nessos.
Your ufetubus hits Nessos but does no damage.
Nessos shoots an arrow.
The arrow hits Tormund!!
The arrow burns Tormund.
Tormund is destroyed!
Your ufetubus barely misses Nessos.
Your ufetubus completely misses Nessos.
Nessos shoots an arrow.
The arrow completely misses you.
Your ufetubus closely misses Nessos.
Your ufetubus hits Nessos but does no damage.
You see here an arrow.
Nessos shoots an arrow.
The arrow hits you. The arrow burns you.
You are poisoned.
* * * LOW HITPOINT WARNING * * *
Your ufetubus hits Nessos but does no damage. x2
Your ufetubus closely misses Nessos. x2; Nessos shoots an arrow.
The arrow hits you!!
You die...

..........#......
.............. ...
##........#...#....
#..................
#...........#.....
##........(........
#.$....#...........
##...#.#(.@.<.......
#.....((.(....$.....
#......#(.(.........
#...........(.......
##..........(.......
#....5c5.........#.#
##..........(....# .
#..$...............
##.................


You could see Nessos and 2 friendly ufetubi.

Vanquished Creatures
  2 two-headed ogres
  5 trolls
  Grinder (D:5)
  3 hippogriffs
  A wyvern (D:8)
  A vampire (D:10)
  5 yaks
  Grum (D:9)
  2 hungry ghosts
  Edmund (D:4)
  A warg (D:11)
  An orc warrior (D:9)
  2 porcupines (D:8)
  A black bear (D:9)
  An ice beast (D:5)
  A phantom (D:11)
  A necrophage (D:9)
  3 wolves (D:9)
  5 centaurs
  3 ogres
  A crocodile (D:10)
  3 big kobolds
  11 bullfrogs
  A wyvern zombie (D:9)
  4 scorpions
  8 killer bees (D:11)
  A howler monkey (D:5)
  6 crimson imps
  2 centaur zombies
  A quasit (D:10)
  A bullfrog skeleton (D:10)
  11 orc priests
  4 hounds
  4 jellies
  10 orc wizards
  2 centaur skeletons
  An iguana (D:9)
  Natasha (thrice) (D:2)
  4 worker ants
  2 worker ant zombies
  9 adders
  A shadow imp (D:6)
  6 oozes
  An adder skeleton (D:5)
  3 worms
  3 dart slugs
  6 leopard geckos
  39 orcs
  4 giant cockroaches
  2 goblins (D:1)
  4 hobgoblins
  11 jackals
  5 ball pythons
  11 bats
  5 frilled lizards
  17 kobolds
  A leopard gecko skeleton (D:4)
  A quokka skeleton (D:4)
  A quokka zombie (D:5)
  7 rats
  A fungus (D:4)
259 creatures vanquished.

Vanquished Creatures (collateral kills)
  An unseen horror (D:11)
  A troll (D:9)
  Prince Ribbit (D:5)
  A soldier ant (D:11)
  A porcupine (D:8)
  2 orc warriors
  An ice beast (D:11)
  2 black bears
  A phantom (D:9)
  An ogre (D:5)
  A scorpion (D:8)
  A killer bee (D:11)
  An orc priest (D:6)
  A worker ant (D:8)
  A hound skeleton (D:5)
  A leopard gecko (D:9)
  7 orcs
  A jackal (D:7)
  2 kobolds (Sewer)
28 creatures vanquished.

Vanquished Creatures (others)
  A battlemage (Orc:2)
  5 ancestors
  A plant (D:8)
7 creatures vanquished.

Grand Total: 294 creatures vanquished

Notes
Turn   | Place    | Note
-------+----------+-------------------------------------------
     0 | D:1      | troglodite the Demonspawn Gladiator began the quest for the
                  | Orb.
     0 | D:1      | Reached XP level 1. HP: 16/16 MP: 1/1
   180 | D:1      | Gained mutation: You have large cloven feet. [demonic
                  | ancestry]
   180 | D:1      | Reached XP level 2. HP: 14/22 MP: 2/2
  1135 | D:2      | Reached XP level 3. HP: 23/27 MP: 3/3
  1306 | D:2      | Learned a level 1 spell: Magic Dart
  1439 | D:2      | Noticed Natasha
  1447 | D:2      | Killed Natasha
  1447 | D:2      | Reached XP level 4. HP: 25/34 MP: 4/4
  1563 | D:2      | Noticed Natasha
  1571 | D:2      | Killed Natasha
  1571 | D:2      | Reached skill level 1 in Armour
  1583 | D:2      | Noticed Natasha
  1800 | D:2      | Killed Natasha
  1800 | D:2      | Gained mutation: You are partially covered in yellow
                  | scales. (AC +2) [demonic ancestry]
  1800 | D:2      | Reached XP level 5. HP: 32/39 MP: 5/5
  1922 | D:3      | Learned a level 2 spell: Sticks to Snakes
  2850 | D:4      | Noticed Edmund
  2857 | D:4      | Killed Edmund
  2857 | D:4      | Reached skill level 1 in Conjurations
  2857 | D:4      | Reached XP level 6. HP: 38/46 MP: 5/7
  2858 | D:4      | Found Naka Fosm's Magic Scroll Shop.
  2878 | D:4      | Bought a scroll of remove curse for 39 gold pieces
  2878 | D:4      | Bought a scroll of magic mapping for 45 gold pieces
  2878 | D:4      | Bought a scroll of identify for 26 gold pieces
  3345 | D:4      | Reached skill level 1 in Spellcasting
  3739 | D:4      | Found a sacrificial altar of Ru.
  3857 | D:5      | Entered Level 5 of the Dungeon
  3863 | D:5      | Reached skill level 1 in Transmutations
  3867 | D:5      | Reached skill level 5 in Long Blades
  3887 | D:5      | Noticed an ice beast
  3897 | D:5      | Killed an ice beast
  3897 | D:5      | Gained mutation: A weak demonic guardian rushes to your
                  | aid. [demonic ancestry]
  3897 | D:5      | Reached XP level 7. HP: 38/52 MP: 8/8
  3898 | D:5      | Noticed Prince Ribbit
  3908 | D:5      | Noticed Grinder
  4087 | D:5      | Paralysed by Grinder for 5 turns
  4095 | D:5      | Killed Grinder
  4168 | D:5      | Learned a level 1 spell: Animate Skeleton
  4403 | D:5      | Found an ancient bone altar of Kikubaaqudgha.
  4477 | D:5      | Killed Prince Ribbit
  4766 | D:5      | Gained mutation: You have hoof-like feet. [demonic
                  | ancestry]
  4766 | D:5      | Reached XP level 8. HP: 37/60 MP: 10/10
  5239 | D:5      | Found a glowing golden altar of the Shining One.
  5282 | D:5      | Reached skill level 1 in Necromancy
  5641 | D:6      | Found a glowing drain.
  5654 | Sewer    | Entered a sewer
  6774 | D:6      | Found a staircase to the Ecumenical Temple.
  6837 | Temple   | Entered the Ecumenical Temple
  7035 | Temple   | Became a worshipper of Hepliaklqana the Forgotten
  7151 | D:7      | Found a shadowy altar of Dithmenos.
  7267 | D:7      | Got an ichor-stained trident
  7268 | D:7      | Identified the +9 trident of the Pyrrhic Victory {elec, rF-
                  | Dex+5} (You found it on level 7 of the Dungeon)
  7350 | D:7      | Learned a level 3 spell: Conjure Flame
  7790 | D:8      | Found a staircase to the Lair.
  7794 | D:8      | Reached XP level 9. HP: 48/59 MP: 12/12
  7800 | D:8      | Reached skill level 1 in Polearms
  7820 | D:8      | Reached skill level 1 in Fire Magic
  7823 | D:8      | Reached skill level 1 in Stealth
  7882 | D:8      | Reached skill level 2 in Polearms
  8098 | D:7      | Reached skill level 5 in Fighting
  8100 | D:7      | Reached skill level 3 in Polearms
  8451 | D:8      | Found Wiqeusom's Magic Scroll Shoppe.
  8466 | D:8      | Bought a scroll of teleportation for 42 gold pieces
  8466 | D:8      | Bought a scroll of fog for 28 gold pieces
  8479 | D:8      | Reached * piety under Hepliaklqana
  8520 | D:8      | Gained mutation: You are mostly covered in yellow scales.
                  | (AC +3) [demonic ancestry]
  8520 | D:8      | Reached XP level 10. HP: 66/66 MP: 15/15
  8667 | D:9      | Reached skill level 4 in Polearms
  8924 | D:9      | Reached skill level 5 in Armour
  8928 | D:9      | Reached skill level 5 in Dodging
  9024 | D:9      | Noticed a two-headed ogre
  9089 | D:9      | Killed a two-headed ogre
  9650 | D:9      | Noticed Grum
  9659 | D:9      | Killed Grum
  9659 | D:9      | Reached skill level 5 in Polearms
  9707 | D:9      | Found a bloodstained altar of Trog.
  9720 | D:9      | Found an iron altar of Okawaru.
 10050 | D:10     | Entered Level 10 of the Dungeon
 10256 | D:10     | Reached ** piety under Hepliaklqana
 10257 | D:10     | Remembered your ancestor Tormund as a battlemage
 10455 | D:10     | Reached skill level 6 in Polearms
 10462 | D:10     | Found a runed translucent gate.
 10463 | D:10     | Found a runed translucent gate.
 10463 | D:10     | Found a runed translucent gate.
 10465 | D:10     | Got a scorched ring mail
 10500 | D:10     | Identified the +3 ring mail "Bowna" {Slay+3} (You found it
                  | on level 10 of the Dungeon)
 10696 | D:10     | Reached XP level 11. HP: 46/72 MP: 17/17
 10891 | D:10     | Noticed Jaiteiro's ghost (novice HaFi)
 10975 | D:10     | Found a deep blue altar of Sif Muna.
 11369 | D:11     | Reached *** piety under Hepliaklqana
 11560 | D:11     | Found a portal to a secret trove of treasure.
 11839 | D:11     | Learned a level 3 spell: Summon Guardian Golem
 11847 | D:11     | Found a staircase to the Orcish Mines.
 11947 | D:11     | Reached skill level 5 in Conjurations
 12212 | D:11     | Noticed a two-headed ogre
 12214 | D:11     | Killed a two-headed ogre
 12647 | D:11     | Reached skill level 1 in Hexes
 12674 | D:11     | Reached skill level 1 in Summonings
 12839 | D:11     | Noticed an unseen horror
 12841 | D:11     | Killed an unseen horror
 12992 | Orc:1    | Entered Level 1 of the Orcish Mines
 13008 | D:11     | Reached skill level 7 in Polearms
 13278 | Orc:1    | Reached **** piety under Hepliaklqana
 13299 | Orc:1    | Found a runed translucent door.
 13299 | Orc:1    | Found a shimmering altar of Xom.
 13299 | Orc:1    | Noticed teukkam's ghost (journeyman MiFi)
 13299 | Orc:1    | Noticed a +3 war axe of chaos
 13460 | Orc:2    | Entered Level 2 of the Orcish Mines
 13460 | Orc:2    | Noticed Nessos
 13473 | Orc:2    | Shot with an arrow by Nessos

Skill      XL: |  1  2  3  4  5  6  7  8  9 10 11 |
---------------+----------------------------------+-----
Long Blades    | 3 4 5 6 |  6.6
Dodging        | 3 4 5 |  5.5
Armour         | 1 2 3 4 5 |  5.8
Conjurations   | 1 2 3 4 5 |  5.3
Spellcasting   | 1 2 3 4 |  4.4
Transmutations | 1 2 3 4 |  4.1
Fighting       | 3 4 5 6 |  6.0
Necromancy     | 2 3 4 |  4.9
Polearms       | 3 6 7 |  7.0
Fire Magic     | 2 3 |  3.9
Stealth        | 1 2 |  2.1
Hexes          | 1 |  1.2
Summonings     | 1 |  1.2
Throwing       | |  1.8
Invocations    | |  0.1

Action                   |  1- 3 |  4- 6 |  7- 9 | 10-12 || total
-------------------------+-------+-------+-------+-------++-------
Melee: Long sword        |    74 |    35 |       |       ||   109
       Kick              |    15 |    37 |    81 |    64 ||   197
       Falchion          |       |    90 |   156 |       ||   246
       Trident           |       |       |    73 |   228 ||   301
Invok: Ancestor Identity |       |       |       |     2 ||     2
       Ancestor Life: Ba |       |       |       |     1 ||     1
  Use: Scroll            |       |     4 |     8 |     9 ||    21
 Stab: Distracted        |       |       |       |     5 ||     5
       Sleeping          |       |       |       |     7 ||     7
  Eat: Chunk             |     2 |     7 |     8 |    13 ||    30
       Ration            |       |       |     3 |     1 ||     4
Armor: Leather armour    |    10 |       |       |       ||    10
       Ring mail         |    12 |    51 |    86 |    62 ||   211
Dodge: Dodged            |    48 |    77 |   127 |   125 ||   377
       Rpst.: Long sword |     8 |     8 |       |       ||    16
       Falchion          |       |    16 |    24 |       ||    40
